 Dungeon Crawl Stone Soup version 0.27.1-33-g824d729ab1 (webtiles) character file.

Game seed: 6981228945445978138

1155 Altran the Cudgeller (level 8, 0/70 HPs)
             Began as a Minotaur Fighter on Dec 11, 2021.
             Was an Initiate of Okawaru.
             Slain by an orc warrior (4 damage)
             ... on level 7 of the Dungeon.
             The game lasted 00:18:55 (7095 turns).

Altran the Cudgeller (Minotaur Fighter)             Turns: 7095, Time: 00:18:56

Health: 0/70       AC: 17    Str: 23    XL:     8   Next: 16%
Magic:  7/7        EV:  5    Int:  5    God:    Okawaru [......]
Gold:   320        SH: 10    Dex: 10    Spells: 7/7 levels left

rFire    . . .     SeeInvis +   w - +1 mace (vorpal)
rCold    . . .     Faith    .   c - +0 kite shield
rNeg     + . .     Spirit   .   k - +0 plate armour
rPois    .         Reflect  .   (helmet restricted)
rElec    .         Harm     .   o - +2 cloak
rCorr    .         Rampage  .   (no gloves)
Will     .....                  m - +0 pair of boots
Stlth    ..........             (no amulet)
HPRegen  0.21/turn              u - ring of see invisible
MPRegen  0.10/turn              y - ring of positive energy

@: no status effects
A: horns 2, retaliatory headbutt
a: Renounce Religion


You were on level 7 of the Dungeon.
You worshipped Okawaru.
Okawaru was noncommittal.
You visited 2 branches of the dungeon, and saw 8 of its levels.

You collected 320 gold pieces.

Inventory:

Hand Weapons
 a - a +0 flail
 w - a +1 vorpal mace (weapon)
Armour
 b - a +0 scale mail
 c - a +0 kite shield (worn)
 k - a +0 plate armour (worn)
 m - a +0 pair of boots (worn)
 o - a +2 cloak (worn)
Jewellery
 r - an amulet of faith
 u - a ring of see invisible (left hand)
 y - a ring of positive energy (right hand)
 B - a ring of poison resistance
Wands
 s - a wand of acid (10)
Scrolls
 d - 4 scrolls of fear {unknown}
 e - 2 scrolls of blinking {unknown}
 f - 11 scrolls of identify {unknown}
 g - 2 scrolls of teleportation {unknown}
 h - a scroll of summoning {unknown}
 j - a scroll of silence {unknown}
 l - 2 scrolls of amnesia {unknown}
 q - a scroll of magic mapping {unknown}
 v - a scroll of immolation {unknown}
Potions
 n - a potion of lignification
 p - a potion of flight {unknown}
 t - 4 potions of attraction {unknown}
 x - 2 potions of invisibility {unknown}
 z - a potion of haste {unknown}
 A - a potion of brilliance {unknown}


   Skills:
 + Level 6.3 Fighting
 + Level 7.0 Maces & Flails
 + Level 6.2 Armour
 + Level 2.3 Dodging
 + Level 1.0 Stealth
 + Level 6.2 Shields


You had 7 spell levels left.
You didn't know any spells.
Your spell library contained the following spells:

 Spells                   Type           Power      Damage    Failure   Level
 Shock                    Conj/Air       0%         1d3       100%        1
 Static Discharge         Conj/Air       0%         N/A       100%        2
 Gell's Gravitas          Tloc           0%         N/A       100%        3
 Swiftness                Air            0%         N/A       100%        3
 Teleport Other           Tloc           0%         N/A       100%        3
 Airstrike                Air            0%         N/A       100%        4
 Lightning Bolt           Conj/Air       0%         1d11      100%        5
 Dispersal                Tloc           0%         N/A       100%        6
 Maxwell's Capacitive Co  Air            0%         ∞         100%        8


Dungeon Overview and Level Annotations

Branches:
Dungeon (7/15)             Temple (1/1) D:6

Altars:
Ashenzari
Cheibriados
Dithmenos
Elyvilon
Fedhas
Gozag
Hepliaklqana
Kikubaaqudgha
Makhleb
Nemelex Xobeh
Okawaru
Qazlal
Ru
Trog
Vehumet
Xom
Zin
The Shining One


Innate Abilities, Weirdness & Mutations

You have a pair of horns on your head.
You reflexively headbutt those who attack you in melee.


Message History

The boomerang hits you but does no damage.
You hit the orc.
The orc is heavily wounded.
The orc warrior hits you but does no damage.
You block the orc's attack.
The orc throws a boomerang.
The boomerang hits you but does no damage.
Your plate armour prevents you from hitting the orc.
The orc is heavily wounded.
The orc warrior hits you but does no damage.
You block the orc's attack.
The orc wizard hits you but does no damage.
The orc warrior barely misses you.
You barely miss the orc. You headbutt the orc.
You kill the orc!
Okawaru accepts your kill. You block the orc wizard's attack.
The orc warrior hits you but does no damage.
The orc hits you but does no damage.
You hit the orc. Your headbutt misses the orc.
The orc is almost dead.
The orc wizard hits you but does no damage.
You block the orc warrior's attack. The orc barely misses you.
You furiously retaliate!
You headbutt the orc.
You kill the orc!
Okawaru accepts your kill.
The orc wizard hits you but does no damage.
You hit the orc wizard but do no damage.
You headbutt the orc wizard!
The orc wizard is almost dead.
You block the orc warrior's attack. You block the orc wizard's attack.
Unknown command.
You closely miss the orc wizard.
The orc wizard is almost dead.
The orc warrior hits you but does no damage.
The orc wizard barely misses you.
You sock the orc wizard!
You kill the orc wizard!
Okawaru accepts your kill.
The orc warrior hits you from afar with a +0 trident.
You die...

#+### #.@)#
.......))o....#
..............#
.........##...#
#..###...# ..#
#. ##### .# . #


You could see an orc warrior.

Vanquished Creatures
  A steam dragon (D:6)
  An ogre (D:4)
  Blork the orc (D:4)
  2 bullfrogs
  A scorpion (D:4)
  5 killer bees (D:5)
  A hound (D:3)
  3 jellies
  2 bullfrog skeletons
  A centaur skeleton (D:4)
  2 iguanas (D:4)
  An orc wizard (D:7)
  A killer bee zombie (D:3)
  2 howler monkey skeletons (D:6)
  5 adders
  A shadow imp (D:6)
  An ufetubus (D:6)
  2 worms (D:2)
  5 dart slugs
  16 orcs
  4 ball pythons
  5 bats
  6 endoplasms
  5 giant cockroaches
  7 goblins
  10 hobgoblins
  5 kobolds
  6 quokkas
  9 frilled lizards
  6 rats
117 creatures vanquished.

Vanquished Creatures (others)
  7 toadstools (D:1)
  A withered plant (D:3)
8 creatures vanquished.

Grand Total: 125 creatures vanquished

Notes
Turn   | Place    | Note
-------+----------+-------------------------------------------
     0 | D:1      | Altran the Minotaur Fighter began the quest for the Orb.
     0 | D:1      | Reached XP level 1. HP: 19/19 MP: 0/0
   317 | D:1      | Reached XP level 2. HP: 26/27 MP: 1/1
  1009 | D:2      | Reached XP level 3. HP: 27/33 MP: 2/2
  1139 | D:2      | Reached skill level 1 in Dodging
  1389 | D:2      | Found a snail-covered altar of Cheibriados.
  1541 | D:2      | Reached XP level 4. HP: 40/40 MP: 3/3
  2143 | D:3      | Reached skill level 3 in Maces & Flails
  2144 | D:3      | Found a faded altar of an unknown god.
  2294 | D:3      | Reached XP level 5. HP: 47/47 MP: 4/4
  2314 | D:3      | Found a white marble altar of Elyvilon.
  2856 | D:4      | Reached skill level 4 in Maces & Flails
  3063 | D:4      | Noticed a phantom
  3554 | D:4      | HP: 2/47 [poisoned by an orc]
  3809 | D:4      | Reached skill level 5 in Armour
  3809 | D:4      | Reached XP level 6. HP: 53/53 MP: 5/5
  3820 | D:4      | Reached skill level 5 in Shields
  3859 | D:4      | Reached skill level 5 in Maces & Flails
  3936 | D:4      | Identified the +6 dagger "Nuac" {venom, Str+2 Int+4 SInv}
  4201 | D:5      | Entered Level 5 of the Dungeon
  4219 | D:5      | Noticed Blork the orc
  4259 | D:4      | Reached skill level 5 in Fighting
  4262 | D:4      | Reached skill level 1 in Stealth
  4368 | D:4      | Reached skill level 6 in Maces & Flails
  4368 | D:4      | Reached XP level 7. HP: 8/61 MP: 6/6
  4645 | D:4      | Killed Blork the orc
  4985 | D:5      | Found a shadowy altar of Dithmenos.
  4985 | D:5      | Found an opulent altar of Gozag.
  5724 | D:6      | Found a staircase to the Ecumenical Temple.
  5873 | D:6      | Reached XP level 8. HP: 65/70 MP: 7/7
  6231 | D:6      | Reached skill level 7 in Maces & Flails
  6752 | Temple   | Entered the Ecumenical Temple
  6945 | Temple   | Became a worshipper of Warmaster Okawaru
  7036 | D:6      | HP: 1/70 [something/ball of steam (14)]
  7071 | D:6      | HP: 3/70 [something/ball of steam (6)]
  7087 | D:7      | HP: 2/70 [orc (4)]
  7095 | D:7      | Slain by an orc warrior

Illustrated notes

Levels and vault maps discovered:
D:1:      nagdon_arrival_zigzag_paths, layout_loops_ring
D:2:      layout_rooms, kennysheep_pointless_box, kennysheep_another_room,
          minmay_hexomino_r4
D:3:      layout_basic, elyvilon_altar_3, ebering_ecumenical_altar_petrified
D:4:      layout_cave_pods
D:5:      layout_rooms, gammafunk_temple_overflow_wave, kennysheep_small_spiral,
          uniq_blork_the_orc
D:6:      layout_loops_corners, minmay_temple_entry_mini_moons, kennysheep_nub
D:7:      layout_gridville, gammafunk_temple_overflow_statue,
          dancing_weapons_uskayaw, grunt_ministairs_11, uniq_menkaure
Temple:   bh_familiar_temple

Skill      XL: |  1  2  3  4  5  6  7  8 |
---------------+-------------------------+-----
Fighting       | 4 5 6 |  6.3
Armour         | 4 5 6 |  6.2
Shields        | 4 5 6 |  6.2
Dodging        | 1 2 |  2.3
Maces & Flails | 3 4 6 7 |  7.0
Stealth        | 1 |  1.0

Action                   |  1- 3 |  4- 6 |  7- 9 || total
-------------------------+-------+-------+-------++-------
Melee: Flail             |   101 |   160 |       ||   261
       Headbutt          |     9 |    21 |    13 ||    43
       Mace              |       |    10 |    69 ||    79
  Use: Potion            |       |     1 |     7 ||     8
Armor: Scale mail        |    27 |       |       ||    27
       Plate armour      |    34 |   135 |    61 ||   230
       Skin              |       |       |    32 ||    32
Dodge: Dodged            |    36 |    36 |    28 ||   100
Block: Kite shield       |    48 |   100 |    71 ||   219
